 Dungeon Crawl Stone Soup version coffee-0.2.0 (webtiles) character file.

Game seed: 1486164584060130174, levelgen mode: deterministic

8340 Dorkslayer the Covert (level 11, -7/71 HPs)
             Began as an Octopode Assassin on Oct 30, 2020.
             Was a Believer of Dithmenos.
             Killed from afar by a red draconian monk (27 damage)
             ... with a searing blast
             ... on level 10 of the Dungeon on Oct 31, 2020.
             The game lasted 00:31:13 (7889 turns).

Dorkslayer the Covert (Octopode Assassin)           Turns: 7889, Time: 00:31:14

Health: -7/71      AC:  3    Str: 12    XL:     11   Next: 29%
Magic:  16/16      EV: 19    Int: 16    God:    Dithmenos [**....]
Gold:   248        SH:  5    Dex: 15    Spells: 10/10 levels left

rFire    . . .     SeeInvis +   B - +5 rapier (flame)
rCold    + + .     Gourm    .   (no shield)
rNeg     + . .     Faith    .   f - +2 hat "Juynn" {rF- rC+ Regen+ Int+2 SInv}
rPois    +         Spirit   .   n - amulet "Fomnegeg" {Reflect rN+ MR+ SH+5}
rElec    .         Reflect  +   o - ring of protection from cold
rCorr    +         Harm     .   q - ring of poison resistance
MR       +....                  k - ring of protection from fire
Stlth    +++++++++.             m - ring of flight
HPRegen  0.61/turn              G - ring of resist corrosion
MPRegen  0.15/turn              (no ring)
                                (no ring)
                                (no ring)

@: about to teleport, wreathed by umbra
A: almost no armour, stealthy swim, amphibious, 8 rings, constrict 8, camouflage
1, gelatinous body 1
a: Shadow Step, Renounce Religion, Evoke Flight


You were on level 10 of the Dungeon.
You worshipped Dithmenos.
Dithmenos was pleased with you.
You were not hungry.

You visited 2 branches of the dungeon, and saw 11 of its levels.

You collected 1148 gold pieces.
You spent 900 gold pieces at shops.

Inventory:

Hand Weapons
 a - a +2 dagger
 z - a +2 short sword of venom
 B - a +5 rapier of flaming (weapon)
Missiles
 b - 31 poisoned darts
 r - 2 curare-tipped darts
 C - 4 boomerangs (quivered)
 H - 3 javelins
Armour
 f - the +2 hat "Juynn" (worn) {rF- rC+ Regen+ Int+2 SInv}
   (You acquired it on level 4 of the Dungeon)

   It affects your intelligence (+2).
   It makes you vulnerable to fire.
   It protects you from cold.
   It lets you see invisible.
   It increases your rate of regeneration.
Jewellery
 k - a ring of protection from fire (on tentacle)
 m - a ring of flight (on tentacle)
 n - the amulet "Fomnegeg" (around mantle) {Reflect rN+ MR+ SH+5}
   (You found it on level 2 of the Dungeon)

   [amulet of reflection]

   It shields you and reflects attacks.
   It protects you from negative energy.
   It affects your resistance to hostile enchantments.
   It affects your SH (+5).
 o - a ring of protection from cold (left tentacle)
 q - a ring of poison resistance (right tentacle)
 G - a ring of resist corrosion (on tentacle)
Wands
 D - a wand of polymorph (13)
Scrolls
 e - 3 scrolls of blinking
 h - 2 scrolls of enchant armour
 j - 3 scrolls of teleportation
 p - 2 scrolls of fear
 s - 8 scrolls of remove curse
 v - a scroll of immolation
 y - a scroll of silence
 A - 2 scrolls of amnesia
Potions
 c - a potion of magic
 g - 3 potions of lignification
 i - 5 potions of curing
 l - a potion of brilliance
 t - a potion of cancellation
 u - a potion of flight
 w - a potion of haste
 x - a potion of heal wounds
 E - a potion of berserk rage
Comestibles
 d - 13 rations
 F - 10 chunks of flesh


   Skills:
 + Level 5.1(8.6) Fighting
 + Level 7.9 Short Blades
 + Level 6.1 Throwing
 + Level 4.7(8.5) Dodging
 + Level 13.1(14.3) Stealth
 * Level 7.0(8.2) Invocations
 * Level 6.7(8.1) Evocations


You had 10 spell levels left.
You didn't know any spells.
Your spell library contained the following spells:

 Spells                   Type           Power        Failure   Level  Hunger
 Corona                   Hex            ###....      1%          1    None
 Slow                     Hex            ###.....     2%          2    None
 Confusing Touch          Hex            ###.....     4%          3    ##.....
 Tukima's Dance           Hex            ###.....     4%          3    ##.....
 Ensorcelled Hibernation  Hex/Ice        ##....       7%          2    None
 Animate Skeleton         Necr           N/A          13%         1    None
 Apportation              Tloc           #.....       13%         1    None
 Magic Dart               Conj           #...         13%         1    None
 Summon Small Mammal      Summ           #...         13%         1    None
 Dazzling Flash           Conj/Hex       ##....       14%         3    ##.....
 Blink                    Tloc           N/A          19%         2    None
 Call Imp                 Summ           #.......     19%         2    None
 Conjure Flame            Conj/Fire      #.......     36%         3    ##.....
 Gell's Gravitas          Tloc           #.........   36%         3    ##.....
 Mephitic Cloud           Conj/Pois/Air  #.......     36%         3    ##.....
 Static Discharge         Conj/Air       #.......     36%         3    ##.....
 Petrify                  Tmut/Erth      #.......     77%         4    ####...
 Metabolic Englaciation   Hex/Ice        ##........   78%         5    #####..
 Yara's Violent Unravell  Hex/Tmut       ##........   78%         5    #####..
 Lightning Bolt           Conj/Air       #.........   98%         5    #####..
 Ignition                 Fire           #.........   100%        8    #######
 Shatter                  Erth           #.........   100%        9    #######
 Tornado                  Air            #.........   100%        9    #######


Dungeon Overview and Level Annotations

Branches:
Dungeon (10/10)            Temple (1/1) D:2
    Zot: D:10

Altars:
Ashenzari
Cheibriados
Dithmenos
Elyvilon
Fedhas
Gozag
Hepliaklqana
Kikubaaqudgha
Makhleb
Nemelex Xobeh
Okawaru
Qazlal
Ru
Sif Muna
Trog
Uskayaw
Vehumet
Wu Jian
Xom
Yredelemnul
Zin
The Shining One

Shops:
D:6 *   D:7 *%

Annotations:
D:6 1 runed translucent door, DeadEndRoad's ghost, amateur GnWn
D:7 Dorkslayer's ghost, novice MiFi


Innate Abilities, Weirdness & Mutations

You cannot wear most types of armour.
You are very stealthy in the water. (Stealth+)
You are amphibious.
You can wear up to eight rings at the same time.
You can use your tentacles to constrict eight enemies at once.
Your skin changes colour to match your surroundings (Stealth+).
Your rubbery body absorbs attacks. (AC +1, EV +1)


Message History

The red draconian monk misses you.
The red draconian monk completely misses you.
The red draconian monk tail-slaps you!
Evoke which item? (* to show all) (? for menu, Esc to quit)
Okay, then.
As you read the scroll of teleportation, it crumbles to dust.
You feel strangely unstable. The red draconian monk hits you!
The red draconian monk closely misses you.
The red draconian monk tail-slaps you!
* * * LOW HITPOINT WARNING * * *
You hear a deafening roar!
You hit the red draconian monk but do no damage.
You grab the red draconian monk.
You squeeze the red draconian monk, but do no damage.
The red draconian monk is moderately wounded.
You constrict the red draconian monk, but do no damage.
A storm dragon comes into view.
The red draconian monk breathes flames at you.
The searing blast hits you!!
You die...

#.# #.###[.#
###.######.##...#
#..#######..#.....#.##...#
........[..#.####.#.##...#
....########.####.#.##...#
# #.............#
###########......... #dq.#
######.### #.#@# #.#
#.#.############.#
d.#.D............#
#######.########### ...#
#.#### #


You could see a storm dragon, a red draconian monk and a purple draconian.

Vanquished Creatures
  4 two-headed ogres
  A cyclops (D:9)
  2 trolls (D:10)
  3 hippogriffs
  5 yaks (D:10)
  A wyvern (D:5)
  A hungry ghost (D:8)
  Edmund (D:6)
  A black bear (D:8)
  2 ice beasts
  2 sky beasts
  6 ogres
  4 centaurs
  Blork the orc (D:6)
  A gnoll sergeant (D:5)
  8 bullfrogs
  A wyvern zombie (D:8)
  A howler monkey (D:6)
  A centaur zombie (D:6)
  3 crimson imps (D:5)
  2 orc priests (D:5)
  2 bullfrog zombies
  2 hounds
  9 orc wizards
  Crazy Yiuf (D:6)
  4 centaur skeletons
  3 jellies
  3 bullfrog skeletons
  3 iguanas
  5 worker ants
  A hound zombie (D:5)
  2 hound skeletons
  9 adders
  7 gnolls
  A howler monkey skeleton (D:5)
  4 shadow imps
  2 oozes
  2 worms
  2 dart slugs (D:1)
  5 leopard geckos
  35 orcs
  8 bats
  10 goblins
  7 hobgoblins
  4 jackals (D:3)
  3 quokkas (D:3)
  3 frilled lizards
  4 kobolds
  6 rats
198 creatures vanquished.

Vanquished Creatures (others)
  A quokka (D:6)
1 creature vanquished.

Grand Total: 199 creatures vanquished

Notes
Turn   | Place    | Note
-------+----------+-------------------------------------------
     0 | D:1      | Dorkslayer the Octopode Assassin began the quest for the
                  | Orb.
     0 | D:1      | Reached XP level 1. HP: 14/14 MP: 1/1
   177 | D:1      | Reached XP level 2. HP: 19/19 MP: 2/2
   254 | D:1      | Reached skill level 6 in Stealth
   536 | D:2      | Reached XP level 3. HP: 24/24 MP: 3/3
   631 | D:2      | Found a staircase to the Ecumenical Temple.
   649 | Temple   | Entered the Ecumenical Temple
  1089 | D:2      | Got the amulet "Fomnegeg" {Reflect rN+ MR+ SH+5}
  1400 | D:3      | Reached XP level 4. HP: 29/29 MP: 4/4
  1430 | D:3      | Reached skill level 7 in Stealth
  1642 | D:3      | Reached XP level 5. HP: 35/35 MP: 5/5
  2447 | D:4      | You fall into a shaft and drop 2 floors!
  2470 | D:6      | Reached XP level 6. HP: 33/41 MP: 6/6
  2594 | D:5      | Entered Level 5 of the Dungeon
  2594 | D:5      | Found a snail-covered altar of Cheibriados.
  2627 | D:5      | Noticed a sky beast
  2638 | D:4      | Reached skill level 8 in Stealth
  2649 | D:4      | Identified the +2 hat "Juynn" {rF- rC+ Regen+ Int+2 SInv}
                  | (You acquired it on level 4 of the Dungeon)
  2759 | D:4      | Identified the -4 hat of Reumexio {*Drain rPois rC+ Int+3
                  | Slay+2} (You acquired it on level 4 of the Dungeon)
  2776 | D:4      | Found a shadowy altar of Dithmenos.
  2782 | D:4      | Became a worshipper of Dithmenos the Shadowed
  3061 | D:4      | Reached skill level 1 in Evocations
  3061 | D:4      | Reached XP level 7. HP: 29/45 MP: 7/7
  3185 | D:4      | Found a hide-covered altar of Uskayaw.
  3185 | D:4      | Found a faded altar of an unknown god.
  3192 | D:4      | Found a glowing silver altar of Zin.
  3194 | D:4      | Found an iron altar of Okawaru.
  3195 | D:4      | Found a burning altar of Makhleb.
  3224 | D:4      | You fall into a shaft and drop 3 floors!
  3238 | D:7      | Found Zuck's Food Boutique.
  3242 | D:7      | Noticed a hippogriff
  3336 | D:6      | Reached skill level 1 in Invocations
  3341 | D:6      | Found Kechek's General Store.
  3346 | D:6      | Found a runed translucent door.
  3346 | D:6      | Noticed DeadEndRoad's ghost (amateur GnWn)
  3350 | D:6      | Bought a potion of curing for 42 gold pieces
  3350 | D:6      | Bought a potion of heal wounds for 70 gold pieces
  3445 | D:6      | Found a white marble altar of Elyvilon.
  3525 | D:6      | Found a runed translucent door.
  3526 | D:6      | Noticed Crazy Yiuf
  3533 | D:6      | Killed Crazy Yiuf
  3651 | D:6      | Reached XP level 8. HP: 44/52 MP: 9/9
  3977 | D:5      | Reached skill level 5 in Throwing
  4198 | D:5      | Reached skill level 9 in Stealth
  4307 | D:5      | Reached * piety under Dithmenos
  4324 | D:5      | Reached skill level 5 in Short Blades
  4462 | D:5      | Found a glowing golden altar of the Shining One.
  4517 | D:5      | Reached XP level 9. HP: 57/57 MP: 11/11
  4983 | D:6      | Noticed Edmund
  4986 | D:6      | Killed Edmund
  5056 | D:6      | Noticed Blork the orc
  5059 | D:6      | Killed Blork the orc
  5249 | D:6      | Found a shimmering blue altar of Sif Muna.
  5438 | D:7      | Found a runed translucent door.
  5442 | D:7      | Noticed Dorkslayer's ghost (novice MiFi)
  5523 | D:7      | Found Cices's Assorted Antiques.
  5526 | D:7      | Bought a potion of curing for 87 gold pieces
  5526 | D:7      | Bought a +3 rapier of flaming for 701 gold pieces
  5567 | D:7      | Reached skill level 10 in Stealth
  6062 | D:8      | Reached ** piety under Dithmenos
  6222 | D:8      | Reached skill level 5 in Invocations
  6452 | D:8      | Noticed a two-headed ogre
  6455 | D:8      | Killed a two-headed ogre
  6455 | D:8      | Reached skill level 11 in Stealth
  6455 | D:8      | Reached skill level 5 in Evocations
  6455 | D:8      | Reached XP level 10. HP: 64/64 MP: 12/14
  7207 | D:9      | Noticed a two-headed ogre
  7214 | D:9      | Killed a two-headed ogre
  7214 | D:9      | Reached skill level 12 in Stealth
  7240 | D:9      | Noticed a cyclops
  7253 | D:9      | Killed a cyclops
  7393 | D:9      | Noticed a two-headed ogre
  7398 | D:9      | Killed a two-headed ogre
  7414 | D:9      | Found a shattered altar of Ashenzari.
  7495 | D:9      | Noticed a two-headed ogre
  7623 | D:10     | Entered Level 10 of the Dungeon
  7630 | D:10     | Reached XP level 11. HP: 65/70 MP: 15/15
  7744 | D:10     | Reached skill level 5 in Fighting
  7766 | D:10     | Noticed a two-headed ogre
  7768 | D:10     | Killed a two-headed ogre
  7768 | D:10     | Reached skill level 13 in Stealth
  7882 | D:10     | Noticed a red draconian monk
  7889 | D:10     | Noticed a storm dragon
  7889 | D:10     | Killed from afar by a red draconian monk

Levels and vault maps discovered:
D:1:      dpeg_arrival_court, layout_rooms
D:2:      layout_loops_ring, minmay_temple_entry_butterflies
D:3:      layout_rooms, serial_corexii_hall, corexii_hall_statues_u,
          chequers_hall_statues_corner_a, corexii_hall_statues_l, first_ration,
          minmay_misc_feat_cross
D:4:      layout_loops_ring, nicolae_dithmenos_the_darkroom,
          chequers_temple_overflow_minitemple, minmay_misc_feat_diagonals
D:5:      layout_loops_ring, slow_altar_1, nicolae_tso_carved_into_rock
D:6:      layout_loops_corners, kennysheep_mini, elyvilon_altar_4, serial_shops,
          shop, gammafunk_ghost_grave, uniq_blork_the_orc,
          uniq_crazy_yiuf_cottage, uniq_edmund
D:7:      layout_loops_ring, serial_shops, shop, nicolae_shop_window_shopping,
          ebering_ghost_reflecting_pool
D:8:      layout_loops_corners
D:9:      layout_basic, cheibrodos_ashenzari_chains
D:10:     evilmike_zot_entry_diamond, layout_loops_ring, blue_anna_alchemist
          [blue_anna_fruit_fields, blue_anna_fruit_fields]
Temple:   minmay_temple_bridge_abc

Skill      XL: |  1  2  3  4  5  6  7  8  9 10 11 |
---------------+----------------------------------+-----
Stealth        | 6 7 8 9 11 12 13 | 13.1
Short Blades   | 3 4 5 6 7 |  7.9
Throwing       | 3 4 5 6 |  6.1
Dodging        | 2 3 4 |  4.7
Evocations     | 1 2 3 5 6 |  6.7
Invocations    | 1 3 5 6 7 |  7.0
Fighting       | 3 4 5 |  5.1

Action                   |  1- 3 |  4- 6 |  7- 9 | 10-12 || total
-------------------------+-------+-------+-------+-------++-------
Melee: Dagger            |    55 |   111 |   232 |       ||   398
       Constrict         |    12 |    29 |    36 |     7 ||    84
       Tentacles         |     9 |    23 |    54 |    12 ||    98
       Punch             |       |     3 |     2 |     1 ||     6
       Rapier            |       |       |    42 |    82 ||   124
Throw: Dart              |    12 |    60 |    23 |       ||    95
       Boomerang         |       |       |       |    10 ||    10
  Use: Potion            |       |     2 |     6 |       ||     8
       Scroll            |       |     2 |     4 |     2 ||     8
 Stab: Sleeping          |    14 |     8 |    23 |    12 ||    57
       Invisible         |       |       |     2 |       ||     2
       Distracted        |       |       |     1 |       ||     1
  Eat: Chunk             |     1 |     6 |     5 |     4 ||    16
       Ration            |       |       |     2 |       ||     2
Armor: Skin              |     2 |     4 |    10 |     5 ||    21
Dodge: Dodged            |    21 |    48 |   114 |    29 ||   212
Block: Other             |     1 |    15 |    39 |    13 ||    68
       Reflection        |       |       |     2 |     3 ||     5
